 Dungeon Crawl Stone Soup version 0.26.1-2-gb8aa6d0 (webtiles) character file.

Game seed: 12389298522396893969

17 Geeful the Sneak (level 2, 0/21 HPs)
             Began as an Octopode Delver on Apr 3, 2021.
             Killed from afar by Natasha (8 damage)
             ... with a magic dart
             ... on level 3 of the Dungeon.
             The game lasted 00:03:54 (809 turns).

Geeful the Sneak (Octopode Delver)                   Turns: 809, Time: 00:03:55

Health: 0/21       AC:  1    Str: 11    XL:     2   Next: 62%
Magic:  2/2        EV: 13    Int: 12    God:
Gold:   25         SH:  0    Dex: 13    Spells: 1/2 levels left

rFire    . . .     SeeInvis .   a - +0 short sword
rCold    . . .     Faith    .   (no shield)
rNeg     . . .     Spirit   .   (helmet restricted)
rPois    .         Reflect  .   (no amulet)
rElec    .         Harm     .   (no ring)
rCorr    .         Rampage  .   (no ring)
Will     .....                  (no ring)
Stlth    ++++......             (no ring)
HPRegen  0.07/turn              (no ring)
MPRegen  0.08/turn              (no ring)
                                (no ring)
                                (no ring)

@: no status effects
A: almost no armour, stealthy swim, amphibious, 8 rings, constrict 8, camouflage
1, gelatinous body 1
a: no special abilities


You were on level 3 of the Dungeon.
You visited 1 branch of the dungeon, and saw 5 of its levels.

You collected 25 gold pieces.

Inventory:

Hand Weapons
 a - a +0 short sword (weapon)
Wands
 f - a wand of digging (3)
Scrolls
 b - a scroll of fog
 c - a scroll of magic mapping
 d - a scroll of fear
 g - a scroll of teleportation {unknown}
 i - a scroll of identify {unknown}
 l - a scroll of amnesia {unknown}
Potions
 e - a potion of haste
 h - 2 potions of lignification {unknown}
 j - 2 potions of attraction {unknown}
 k - 3 potions of curing {unknown}


   Skills:
 + Level 3.1 Fighting
 - Level 2.1 Short Blades
 + Level 2.2 Dodging
 + Level 6.8 Stealth
 + Level 0.6 Spellcasting
 + Level 0.2 Conjurations


You had one spell level left.
You knew the following spells:

 Your Spells              Type           Power        Failure   Level
a - Magic Dart            Conj           0%           28%         1

Your spell library contained the following spells:

 Spells                   Type           Power        Failure   Level
 Blink                    Tloc           N/A          43%         2
 Call Imp                 Summ           0%           43%         2
 Slow                     Hex            0%           43%         2
 Conjure Flame            Conj/Fire      0%           65%         3
 Mephitic Cloud           Conj/Pois/Air  0%           67%         3


Dungeon Overview and Level Annotations

Branches:
Dungeon (6/15)
 Temple: D:4-7

Altars:
Uskayaw
Yredelemnul

Annotations:
D:3 Natasha


Innate Abilities, Weirdness & Mutations

You cannot wear most types of armour.
You are very stealthy in the water. (Stealth+)
You are amphibious.
You can wear up to eight rings at the same time.
You can use your tentacles to constrict eight enemies at once.
Your skin changes colour to match your surroundings (Stealth+).
Your rubbery body absorbs attacks. (AC +1, EV +1)


Message History

An adder and a hobgoblin come into view.
The hobgoblin shouts!
Found five items.
The hobgoblin barely misses you. The hobgoblin hits you with a +0 club.
Natasha closely misses you.
There is a stone staircase leading down here.
Natasha barely misses you.
The hobgoblin hits you but does no damage.
You climb downwards.
There is a stone staircase leading up here.
You hit Natasha but do no damage. Your grab misses Natasha.
Natasha closely misses you.
The hobgoblin hits you but does no damage.
You barely miss Natasha. Your grab misses Natasha. Your squeeze misses Natasha.
Natasha growls.
Natasha claws you! The hobgoblin hits you with a +0 club.
Natasha casts a spell at you. The magic dart hits you!
You die...

#..######
#..# #..#
#..#####
#......#
##.###.##
#.##...##
#.#.....###.#
#.....h.@...#
###...g.#####
##...## ##.##
#.# ..# .###
.#


You could see Natasha and a hobgoblin.

Vanquished Creatures
  An adder skeleton (D:5)
  A dart slug (D:3)
  A bat (D:3)
  2 giant cockroaches
  A hobgoblin (D:3)
  2 kobolds (D:3)
  A quokka (D:3)
  A frilled lizard (D:3)
  A goblin (D:3)
  A rat (D:3)
12 creatures vanquished.

Notes
Turn   | Place    | Note
-------+----------+-------------------------------------------
     0 | D:5      | Geeful the Octopode Delver began the quest for the Orb.
     0 | D:5      | Reached XP level 1. HP: 16/16 MP: 1/1
    84 | D:5      | Noticed a +0 hand axe
    86 | D:5      | Noticed a +0 dagger
    90 | D:5      | Found a hide-covered altar of Uskayaw.
   194 | D:5      | Noticed an orc wizard
   297 | D:3      | Reached XP level 2. HP: 12/21 MP: 2/2
   488 | D:3      | Learned a level 1 spell: Magic Dart
   500 | D:2      | Noticed Natasha
   809 | D:3      | Killed from afar by Natasha

Illustrated notes

Levels and vault maps discovered:
D:2:      layout_rooms, kennysheep_small_spiral, uniq_natasha, uniq_robin,
          uniq_jessica
D:3:      layout_loops_ring, lemuel_zombie_altar_kikubaaqudgha
D:4:      layout_basic, minmay_misc_feat_nine_boxes, roderic_batcave
D:5:      layout_cave_pools, dancing_weapons_uskayaw, yredelemnul_altar_generic,
          uniq_menkaure, uniq_pikel
D:6:      layout_loops_ring, minmay_temple_entry_stoned_glass,
          uniq_crazy_yiuf_cottage, uniq_duvessa

Action                   || total
-------------------------++-------
Melee: Short sword       ||    34
       Constrict         ||     8
       Tentacles         ||     6
 Stab: Sleeping          ||     2
Armor: Skin              ||     4
Dodge: Dodged            ||    23
